[Event "2026 European Womens Championship"]
[Site "Batumi, GE"]
[Date "2026.05.26"]
[Round "2"]
[White "Casadevall Mainau, Iraida"]
[Black "Aghaverdiyeva, Maryam"]
[Result "0-1"]
[Board "82"]
[TimeControl "5400+30"]
[WhiteFideId "54543142"]
[BlackFideId "13452509"]
[WhiteElo "1729"]
[BlackElo "2103"]
[BlackTitle "WFM"]
[WhiteClock "0:00:49"]
[BlackClock "1:30:30"]
[Variant "Standard"]

1. e4 c5 2. Nf3 e6 3. d4 cxd4 4. Nxd4 Nc6 5. Nb5 d6 6. c4 Nf6 7. N1c3 a6 8. Na3 Be7 9. Be2 O-O 10. Be3 b6 11. O-O Bb7 12. f3 Re8 13. Qd2 Rc8 14. Rac1 Ne5 15. Rfd1 Qc7 16. Na4 Ned7 17. Bf4 Bc6 18. Nc3 Qa7 19. Kh1 Ne5 20. Nc2 Ba8 21. b3 Red8 22. Bf1 Qb8 23. Nd4 h6 24. Na4 Bf8 25. Be3 d5 26. cxd5 Rxc1 27. Rxc1 exd5 28. exd5 Nxd5 29. Bxa6 Ba3 30. Rc2 Bb4 31. Qf2 b5 32. Bxb5 Nxe3 33. Qxe3 Qd6 34. h3 Bb7 35. Nf5 Qd1+ 36. Kh2 Nxf3+ 37. gxf3 Qxc2+ 0-1

[Event "2026 European Womens Championship"]
[Site "Batumi, GE"]
[Date "2026.05.27"]
[Round "3"]
[White "Fataliyeva, Ulviyya"]
[Black "Safarli, Josefine"]
[Result "1/2-1/2"]
[Board "1"]
[TimeControl "5400+30"]
[WhiteFideId "13403052"]
[BlackFideId "12900460"]
[WhiteElo "2450"]
[BlackElo "2253"]
[WhiteTitle "IM"]
[BlackTitle "WGM"]
[WhiteClock "0:19:16"]
[BlackClock "0:10:17"]
[Variant "Standard"]

1. e4 e5 2. Nf3 Nc6 3. Bc4 Nf6 4. d3 h6 5. c3 Bc5 6. b4 Be7 7. Qb3 O-O 8. a4 d6 9. O-O Nb8 10. Qa2 c6 11. Re1 a5 12. b5 d5 13. Bb3 Nbd7 14. exd5 cxd5 15. Ba3 Bxa3 16. Nxa3 e4 17. dxe4 dxe4 18. Nd4 Nc5 19. Nc4 Be6 20. Nxe6 Nxe6 21. Qa3 Qc7 22. b6 Qc5 23. Qxc5 Nxc5 24. Bc2 Rfc8 25. Reb1 Ncd7 26. Bb3 Rc6 27. Ba2 Kf8 28. Rb5 Rac8 29. Nxa5 Rxc3 30. Nb3 Nc5 31. Nxc5 R8xc5 32. Rxc5 Rxc5 33. Bb3 Ra5 34. Rc1 Ne8 35. Rd1 Rc5 36. Kf1 Ke7 37. Rd5 Rc3 38. Re5+ Kf8 39. Rb5 Nd6 40. Rb4 Rc5 41. g4 h5 42. gxh5 Rxh5 43. Rd4 Ke7 44. Ke2 Rxh2 45. a5 e3 46. Bd5 Rxf2+ 47. Kxe3 Rb2 48. Ra4 Rb5 49. Bxb7 Rxa5 50. Rxa5 Nc4+ 51. Kd4 Nxa5 52. Bd5 Kd6 53. Bxf7 1/2-1/2

[Event "2026 European Womens Championship"]
[Site "Batumi, GE"]
[Date "2026.05.27"]
[Round "3"]
[White "Narva, Mai"]
[Black "Peglau, Charis"]
[Result "1-0"]
[Board "2"]
[TimeControl "5400+30"]
[WhiteFideId "4500512"]
[BlackFideId "16219996"]
[WhiteElo "2426"]
[BlackElo "2238"]
[WhiteTitle "IM"]
[BlackTitle "WFM"]
[WhiteClock "0:06:26"]
[BlackClock "0:01:50"]
[Variant "Standard"]

1. Nf3 d5 2. g3 Nf6 3. Bg2 c6 4. O-O Bf5 5. d4 e6 6. c4 Bd6 7. b3 Nbd7 8. Bb2 O-O 9. Nc3 Re8 10. Nh4 Bg6 11. Nxg6 hxg6 12. Qd3 Qe7 13. Rad1 Rad8 14. f4 Bb4 15. Qc2 Ng4 16. Rf3 f5 17. e3 Bxc3 18. Bxc3 Ngf6 19. Rf2 Nb6 20. Ba5 Qa3 21. Bd2 dxc4 22. bxc4 c5 23. Bc1 Qb4 24. Bf1 Rc8 25. Qb3 Qa4 26. Rc2 Red8 27. Ba3 Ne4 28. Rcc1 Qxb3 29. axb3 Nd7 30. Bg2 b6 31. Bxe4 fxe4 32. g4 Kf7 33. g5 Ke8 34. Rd2 cxd4 35. Rxd4 Nc5 36. Bxc5 bxc5 37. Rxe4 Kf7 38. Ra1 Rc7 39. Ra6 Re7 40. Kf2 Rd2+ 41. Kg3 Rd3 42. Re5 Rxb3 43. Kf3 Rc3 44. Rxc5 Rc1 45. Ra4 Rb1 46. Rca5 Rbb7 47. Ke4 Rec7 48. Ke5 Ke7 49. e4 Kd7 50. c5 Ke7 51. Rd4 Kf7 52. Rd6 Re7 53. c6 Rb6 54. Rc5 Rb8 55. h4 Rc8 56. Rb5 Rcc7 57. Rb8 Re8 58. Rxe8 Kxe8 59. Rxe6+ Kd8 60. Kd6 1-0

[Event "2026 European Womens Championship"]
[Site "Batumi, GE"]
[Date "2026.05.27"]
[Round "3"]
[White "Kiolbasa, Oliwia"]
[Black "Hryzlova, Sofiia"]
[Result "1-0"]
[Board "3"]
[TimeControl "5400+30"]
[WhiteFideId "1154613"]
[BlackFideId "14174669"]
[WhiteElo "2397"]
[BlackElo "2226"]
[WhiteTitle "IM"]
[BlackTitle "WIM"]
[WhiteClock "0:02:43"]
[BlackClock "0:00:35"]
[Variant "Standard"]

1. e4 c5 2. Nf3 d6 3. d4 cxd4 4. Nxd4 Nf6 5. Nc3 a6 6. f4 e5 7. Nb3 Qc7 8. Be2 Be7 9. O-O O-O 10. g4 exf4 11. Bxf4 Be6 12. g5 Nfd7 13. Nd5 Bxd5 14. Qxd5 Nc6 15. c3 Nde5 16. Rf2 Rae8 17. Raf1 Bd8 18. Nd4 Ne7 19. Qb3 N7g6 20. Bc1 Qb6 21. Qd1 Qa7 22. Kh1 Bb6 23. h4 Nxh4 24. Rh2 Neg6 25. Nf5 Rxe4 26. Nxd6 Rxe2 27. Qxe2 Bc7 28. Nxf7 Qa8 29. Rhf2 b5+ 30. Kg1 Bb6 31. Nh6+ Kh8 32. Be3 Nf4 33. Kh2 Bxe3 34. Qxe3 Qd5 35. Nf7+ Qxf7 36. Rxf4 Qc7 37. Qg3 Rxf4 38. Rxf4 1-0

[Event "2026 European Womens Championship"]
[Site "Batumi, GE"]
[Date "2026.05.27"]
[Round "3"]
[White "Vega Gutierrez, Sabrina"]
[Black "Hnatyshyn, Anastasiia"]
[Result "0-1"]
[Board "4"]
[TimeControl "5400+30"]
[WhiteFideId "2219026"]
[BlackFideId "14198339"]
[WhiteElo "2375"]
[BlackElo "2207"]
[WhiteTitle "IM"]
[BlackTitle "WFM"]
[WhiteClock "0:01:59"]
[BlackClock "0:11:18"]
[Variant "Standard"]

1. e4 c5 2. Nf3 Nc6 3. Bb5 e6 4. Bxc6 bxc6 5. b3 f6 6. d4 cxd4 7. Qxd4 Qb6 8. Qd3 Ne7 9. O-O Ng6 10. h4 Qb5 11. Qxb5 cxb5 12. h5 Ne7 13. Nd4 a6 14. Ba3 Bb7 15. Nd2 g6 16. hxg6 hxg6 17. c4 Nc6 18. Bb2 Ba3 19. Bxa3 Nxd4 20. f3 Nc2 21. Bb2 Nxa1 22. Bxf6 Nxb3 23. axb3 Rf8 24. e5 d5 25. cxb5 axb5 26. b4 Ra3 27. Kf2 d4 28. Rh1 Bd5 29. Rh6 Ra2 30. Ke1 Kd7 31. Rxg6 Rfa8 32. Rg7+ Kc6 33. Rg4 d3 34. Rd4 Bc4 35. Bg5 Rg8 36. Rg4 Rb2 37. Be7 Ra8 38. Bg5 Ra1+ 39. Kf2 Rd1 0-1

[Event "2026 European Womens Championship"]
[Site "Batumi, GE"]
[Date "2026.05.27"]
[Round "3"]
[White "Antova, Gabriela"]
[Black "Socko, Monika"]
[Result "1/2-1/2"]
[Board "5"]
[TimeControl "5400+30"]
[WhiteFideId "2915235"]
[BlackFideId "1106619"]
[WhiteElo "2203"]
[BlackElo "2355"]
[WhiteTitle "WGM"]
[BlackTitle "GM"]
[WhiteClock "0:02:58"]
[BlackClock "0:06:13"]
[Variant "Standard"]

1. e4 c6 2. d4 d5 3. f3 Qb6 4. Nc3 e5 5. dxe5 Bc5 6. Na4 Qa5+ 7. c3 Bxg1 8. Rxg1 dxe4 9. Qd4 Ne7 10. Bg5 Nd7 11. Qxe4 Qxe5 12. Qxe5 Nxe5 13. O-O-O f6 14. Be3 Nd5 15. Bd4 Kf7 16. Bxe5 fxe5 17. Nc5 b6 18. Ne4 Ke7 19. Bd3 Be6 20. Ng5 h6 21. Nxe6 Kxe6 22. Rge1 Rad8 23. g3 g5 24. Rd2 Rhf8 25. Be4 Rd6 26. Rde2 b5 27. a4 bxa4 28. Bc2 Rxf3 29. Rxe5+ Kf6 30. Bxa4 Rf2 31. R1e2 Rxe2 1/2-1/2

[Event "2026 European Womens Championship"]
[Site "Batumi, GE"]
[Date "2026.05.27"]
[Round "3"]
[White "Rudzinska, Michalina"]
[Black "Kazarian, Anna-Maja"]
[Result "0-1"]
[Board "6"]
[TimeControl "5400+30"]
[WhiteFideId "1172883"]
[BlackFideId "1033689"]
[WhiteElo "2200"]
[BlackElo "2317"]
[WhiteTitle "WGM"]
[BlackTitle "FM"]
[WhiteClock "0:01:15"]
[BlackClock "0:11:45"]
[Variant "Standard"]

1. e4 e6 2. d4 d5 3. e5 c5 4. c3 Nc6 5. Nf3 Bd7 6. Be2 Qb6 7. O-O Nh6 8. dxc5 Bxc5 9. b4 Be7 10. Na3 Ng4 11. Bf4 f6 12. exf6 Nxf6 13. Ne5 Nxe5 14. Bxe5 O-O 15. Bf3 Rac8 16. Rb1 Bd6 17. Bxd6 Qxd6 18. c4 Qa6 19. Qc1 dxc4 20. b5 Qd6 21. Rd1 Qc5 22. Qe3 Qxe3 23. fxe3 c3 24. Rbc1 Rc7 25. Rd6 g5 26. b6 axb6 27. Rxb6 g4 28. Rxb7 Rxb7 29. Bxb7 Rb8 30. Ba6 Ra8 31. Bc4 Rxa3 32. Bb3 Ne4 33. Rd1 Nd2 34. Rc1 Nxb3 35. Rxc3 Rxa2 36. Rxb3 Bc6 37. Rb6 Rxg2+ 38. Kh1 Bf3 0-1

[Event "2026 European Womens Championship"]
[Site "Batumi, GE"]
[Date "2026.05.27"]
[Round "3"]
[White "Schneider, Jana"]
[Black "Aydin, Gulenay"]
[Result "0-1"]
[Board "7"]
[TimeControl "5400+30"]
[WhiteFideId "12924997"]
[BlackFideId "34557431"]
[WhiteElo "2283"]
[BlackElo "2204"]
[WhiteTitle "WGM"]
[BlackTitle "WIM"]
[WhiteClock "0:00:55"]
[BlackClock "0:07:16"]
[Variant "Standard"]

1. e4 d6 2. d4 Nf6 3. Nc3 e5 4. Nf3 Nbd7 5. Be2 Be7 6. O-O O-O 7. a4 c6 8. a5 exd4 9. Nxd4 Nc5 10. f3 d5 11. e5 Ne8 12. a6 f6 13. axb7 Bxb7 14. f4 Qc7 15. b4 fxe5 16. fxe5 Rxf1+ 17. Bxf1 Nd7 18. e6 Nf8 19. b5 Bc5 20. bxc6 Bxc6 21. Kh1 Bxd4 22. Qxd4 Nxe6 23. Qh4 Nf6 24. Bd3 Rf8 25. Ba3 Re8 26. Rf1 Nf8 27. Ne2 Ng6 28. Bxg6 hxg6 29. Nf4 Bb5 30. Rc1 Qc3 31. Nxg6 Qxa3 32. Rb1 Qa2 33. Re1 Qxc2 34. Rxe8+ Bxe8 35. Ne7+ Kf7 36. Qe1 Qe4 0-1

[Event "2026 European Womens Championship"]
[Site "Batumi, GE"]
[Date "2026.05.27"]
[Round "3"]
[White "Poliakova, Varvara"]
[Black "Velikic, Adela"]
[Result "1-0"]
[Board "8"]
[TimeControl "5400+30"]
[WhiteFideId "13518313"]
[BlackFideId "913553"]
[WhiteElo "2108"]
[BlackElo "2277"]
[WhiteTitle "WFM"]
[BlackTitle "WIM"]
[WhiteClock "0:10:37"]
[BlackClock "0:01:00"]
[Variant "Standard"]

1. d4 Nf6 2. c4 e6 3. Nf3 d5 4. g3 Bb4+ 5. Bd2 Be7 6. Bg2 O-O 7. O-O c6 8. Qc2 Nbd7 9. Rd1 a5 10. Bf4 a4 11. a3 Ne4 12. h4 h6 13. Nc3 Nxc3 14. Qxc3 Nb6 15. Ne5 g5 16. Bd2 Kg7 17. h5 Bd7 18. c5 Nc8 19. e4 Be8 20. exd5 cxd5 21. Re1 Na7 22. Bh3 b6 23. cxb6 Qxb6 24. Qd3 Qb5 25. Qe3 Qb3 26. Nd3 Nb5 27. Rec1 Bf6 28. Bb4 Bxd4 29. Qd2 Rg8 30. Bg4 Rd8 31. Bd1 Qc4 32. Rxc4 dxc4 33. Ne5 c3 34. bxc3 Bb6 35. Qe2 Rd5 36. Bxa4 Nd4 37. Qa6 Rxe5 38. cxd4 Bxd4 39. Rd1 Rd5 40. Rxd4 1-0

[Event "2026 European Womens Championship"]
[Site "Batumi, GE"]
[Date "2026.05.27"]
[Round "3"]
[White "Mirzoeva, Elmira"]
[Black "Kobak, Polina"]
[Result "1-0"]
[Board "9"]
[TimeControl "5400+30"]
[WhiteFideId "4127951"]
[BlackFideId "24269727"]
[WhiteElo "2265"]
[BlackElo "1986"]
[WhiteTitle "WGM"]
[BlackTitle "WFM"]
[WhiteClock "0:16:20"]
[BlackClock "0:19:31"]
[Variant "Standard"]

1. e4 c5 2. d3 Nc6 3. g3 g6 4. Bg2 Bg7 5. f4 e6 6. Nf3 Nge7 7. O-O O-O 8. c3 d6 9. Be3 a5 10. a4 b6 11. d4 Ba6 12. Re1 Rc8 13. Na3 cxd4 14. Nxd4 Nxd4 15. Bxd4 d5 16. e5 h5 17. Qb3 Rb8 18. Nb5 Qd7 19. Bf1 Rfd8 20. Rad1 Bf8 21. Bf2 Nc6 22. Qc2 Na7 23. c4 Bxb5 24. cxb5 Bb4 25. Re2 Rdc8 26. Qb3 Bc5 27. f5 gxf5 28. Qf3 Qe7 29. Qxh5 Kg7 30. Qf3 Rc7 31. Kh1 Bxf2 32. Rxf2 Rg8 33. Qe3 Nc8 34. g4 fxg4 35. Rf6 Kf8 36. Bd3 g3 37. hxg3 Ke8 38. Rdf1 Qc5 39. Qf4 Rg7 40. Qh6 Qf8 41. Rxe6+ fxe6 42. Rxf8+ Kxf8 43. Qf6+ Rgf7 44. Qh8+ Ke7 45. Bg6 1-0

[Event "2026 European Womens Championship"]
[Site "Batumi, GE"]
[Date "2026.05.27"]
[Round "3"]
[White "Tsolakidou, Stavroula"]
[Black "Toncheva, Nadya"]
[Result "0-1"]
[Board "10"]
[TimeControl "5400+30"]
[WhiteFideId "4264312"]
[BlackFideId "2924056"]
[WhiteElo "2455"]
[BlackElo "2320"]
[WhiteTitle "IM"]
[BlackTitle "WGM"]
[WhiteClock "0:01:52"]
[BlackClock "0:22:07"]
[Variant "Standard"]

1. e4 e6 2. d4 d5 3. Nc3 Nf6 4. e5 Nfd7 5. f4 c5 6. dxc5 Bxc5 7. Qg4 O-O 8. Nf3 f5 9. Qh3 Re8 10. Bd3 Nf8 11. g4 Nc6 12. gxf5 exf5 13. a3 a6 14. Bd2 b5 15. Ne2 Qb6 16. Bxf5 Bf2+ 17. Kf1 Bxf5 18. Qxf5 Ng6 19. Kg2 Ncxe5 20. fxe5 Rxe5 21. Qd3 Rf8 22. h4 Ref5 23. Bg5 Rxf3 24. Qxd5+ Kh8 25. Qxf3 Rxf3 26. Kxf3 Ne5+ 27. Kg2 Qc6+ 28. Kxf2 Qf3+ 29. Kg1 Qxe2 30. Rh3 Qg4+ 31. Kh2 Nf3+ 32. Rxf3 Qxf3 33. Rg1 h6 34. Bd8 Qe2+ 35. Rg2 Qe5+ 36. Kh1 Qxb2 37. Be7 Qa1+ 38. Rg1 Qc3 0-1

[Event "2026 European Womens Championship"]
[Site "Batumi, GE"]
[Date "2026.05.27"]
[Round "3"]
[White "Avramidou, Anastasia"]
[Black "Javakhishvili, Lela"]
[Result "1/2-1/2"]
[Board "11"]
[TimeControl "5400+30"]
[WhiteFideId "4239873"]
[BlackFideId "13601458"]
[WhiteElo "2320"]
[BlackElo "2442"]
[WhiteTitle "FM"]
[BlackTitle "IM"]
[WhiteClock "0:02:33"]
[BlackClock "0:05:53"]
[Variant "Standard"]

1. e4 c5 2. Nf3 e6 3. d4 cxd4 4. Nxd4 Nf6 5. Nc3 d6 6. g4 h6 7. Rg1 Nc6 8. h4 d5 9. exd5 Nxd5 10. Nxd5 exd5 11. Bb5 Bd7 12. Qe2+ Be7 13. Nf5 Bxf5 14. gxf5 Kf8 15. Be3 Qa5+ 16. Kf1 Bf6 17. Rd1 a6 18. Bxc6 bxc6 19. c3 Qb5 20. Rg4 Re8 21. Qxb5 axb5 22. a4 Rb8 23. axb5 Rxb5 24. Ra1 Kg8 25. Ra6 Rxb2 26. Rxc6 Kh7 27. Rc7 h5 28. Ra4 Rf8 29. Raa7 Rc2 30. Bc5 Re8 31. Rxf7 Bxc3 32. Be3 Kh8 33. Rac7 d4 34. Bxd4 Rc1+ 35. Kg2 Bxd4 36. Rxc1 Re2 37. Rf1 Re4 38. f3 Re2+ 39. Kg3 Be5+ 40. f4 Bf6 41. Rf3 Be7 42. f6 gxf6 43. Rd3 Kg8 44. Kf3 Re1 45. Rxe7 Rxe7 46. Rd5 Kg7 47. Rxh5 Re1 48. Rb5 Rh1 49. Kg4 Kg6 50. h5+ Kh6 51. Rb8 Kg7 52. Rb7+ Kf8 53. Ra7 Rh2 54. Ra3 Kg7 55. Rg3 Rh1 56. Rg2 Kf7 57. Rc2 Kg7 58. Rc3 Rh2 59. Rc7+ Kf8 60. Rc5 Kg7 61. Kf3 Rh1 62. Ke4 Kf8 63. Rc8+ Kg7 64. Rc7+ Kf8 65. Kf5 Rxh5+ 66. Kg6 Rh1 67. f5 Rf1 68. Rc6 Rf2 69. Rxf6+ Kg8 70. Ra6 Rg2+ 71. Kf6 Rf2 72. Ra8+ Kh7 73. Re8 Rf1 74. Re5 Kg8 75. Re4 Kf8 76. Rh4 Kg8 77. Rg4+ Kf8 78. Kg6 Kg8 79. Rg2 Rf3 80. Ra2 Rg3+ 81. Kf6 Rf3 82. Ra8+ Kh7 83. Rf8 Ra3 84. Rf7+ Kg8 85. Re7 Rf3 86. Re4 Rf1 87. Ke6 Kf8 88. Rh4 Kg7 89. Rg4+ Kf8 90. Ra4 Kg7 91. Ra7+ Kf8 92. Ke5 Rf2 93. Ke6 Rf1 94. Ke5 Rf2 95. Ke6 1/2-1/2

[Event "2026 European Womens Championship"]
[Site "Batumi, GE"]
[Date "2026.05.27"]
[Round "3"]
[White "Sliwicka, Alicja"]
[Black "Ushenina, Anna"]
[Result "1/2-1/2"]
[Board "12"]
[TimeControl "5400+30"]
[WhiteFideId "1150677"]
[BlackFideId "14110911"]
[WhiteElo "2315"]
[BlackElo "2420"]
[WhiteTitle "WGM"]
[BlackTitle "GM"]
[WhiteClock "0:09:35"]
[BlackClock "0:05:22"]
[Variant "Standard"]

1. e4 c6 2. d4 d5 3. e5 c5 4. Nf3 cxd4 5. Nxd4 Nc6 6. Nxc6 bxc6 7. Bd3 e6 8. O-O a5 9. c4 dxc4 10. Bxc4 Qxd1 11. Rxd1 Ne7 12. Nc3 Nd5 13. Na4 Ba6 14. Bxa6 Rxa6 15. Rd3 Be7 16. Rg3 Nb6 17. Nxb6 Rxb6 18. Rxg7 Rb5 19. Rg4 Rxe5 20. Bd2 Rd5 21. Bc3 Rf8 22. Kf1 h5 23. Ra4 Bd8 24. Re1 Bc7 25. Ree4 Kd7 26. Red4 Rb8 27. Ke2 Bd8 28. g3 Rbb5 29. Rd3 Kd6 30. Rc4 Kd7 31. Kd2 Kd6 32. Kc2 Kd7 33. a4 Rb8 34. Rf4 f5 35. Rc4 Kd6 36. f4 Kd7 37. Rc5 Bb6 38. Rcxd5+ exd5 39. Rd2 Re8 40. Be5 Bc7 41. Bc3 Re4 42. b3 Bb6 43. Rg2 Ke6 44. Bd2 c5 45. h3 Bc7 46. g4 fxg4 47. hxg4 Bxf4 48. Bxf4 Rxf4 49. gxh5 Rh4 50. Rg5 c4 51. bxc4 Rxc4+ 52. Kb3 Rb4+ 53. Ka3 Rh4 54. Kb3 Kd6 55. Rg6+ Kc5 56. h6 Rh3+ 57. Kc2 Kc4 58. Rc6+ Kd4 59. Ra6 Rh2+ 60. Kb3 Ke4 61. Rxa5 Rxh6 62. Ra8 d4 63. Re8+ Kd3 64. a5 Kd2 65. Rd8 d3 66. Kc4 Rh4+ 67. Kb5 Rh1 68. a6 Ra1 69. Kb6 Ke2 70. a7 d2 71. Kb7 d1=Q 72. Rxd1 Kxd1 73. a8=Q Rxa8 74. Kxa8 1/2-1/2

[Event "2026 European Womens Championship"]
[Site "Batumi, GE"]
[Date "2026.05.27"]
[Round "3"]
[White "Khotenashvili, Bella"]
[Black "Zimina, Olga"]
[Result "0-1"]
[Board "13"]
[TimeControl "5400+30"]
[WhiteFideId "13602640"]
[BlackFideId "4132190"]
[WhiteElo "2415"]
[BlackElo "2290"]
[WhiteTitle "GM"]
[BlackTitle "IM"]
[WhiteClock "0:30:28"]
[BlackClock "0:17:55"]
[Variant "Standard"]

1. c4 e5 2. Nc3 Bb4 3. Nd5 Bc5 4. e3 Nc6 5. Ne2 a6 6. g3 d6 7. Bg2 Ba7 8. b4 Nge7 9. Bb2 h5 10. h4 Bg4 11. Qb3 Qd7 12. Nec3 Nd8 13. Ne4 Rh6 14. Rc1 c6 15. Nxe7 Qxe7 16. c5 d5 17. Nd6+ Kf8 18. f3 Bd7 19. Qc3 f6 20. Qd3 a5 21. b5 Bb8 22. Ba3 Nf7 23. bxc6 bxc6 24. Nxf7 e4 25. fxe4 Bxg3+ 26. Kd1 dxe4 27. Bxe4 Qxf7 28. Rg1 Bg4+ 29. Kc2 Qxa2+ 30. Bb2 Rb8 31. Rb1 Be5 32. Rxg4 hxg4 33. Kd1 Rxh4 34. Qd7 Qa4+ 35. Bc2 Rh1+ 36. Ke2 Qc4+ 37. Bd3 Rh2+ 38. Ke1 Qd5 39. Qxd5 cxd5 40. c6 Rh1+ 41. Bf1 g3 42. Ke2 Ke8 0-1

[Event "2026 European Womens Championship"]
[Site "Batumi, GE"]
[Date "2026.05.27"]
[Round "3"]
[White "Unuk, Laura"]
[Black "Arabidze, Meri"]
[Result "1/2-1/2"]
[Board "14"]
[TimeControl "5400+30"]
[WhiteFideId "14609215"]
[BlackFideId "13604040"]
[WhiteElo "2289"]
[BlackElo "2409"]
[WhiteTitle "IM"]
[BlackTitle "IM"]
[WhiteClock "0:12:45"]
[BlackClock "0:29:28"]
[Variant "Standard"]

1. d4 d5 2. c4 e6 3. Nc3 h6 4. cxd5 exd5 5. Bf4 Nf6 6. e3 Bd6 7. Bxd6 Qxd6 8. Bd3 O-O 9. Qc2 Nc6 10. a3 a6 11. h3 Ne7 12. Nf3 b6 13. b4 c5 14. bxc5 bxc5 15. dxc5 Qxc5 16. O-O Bd7 17. Ne4 Nxe4 18. Bxe4 Rfc8 19. Qxc5 Rxc5 20. Bd3 Rc3 21. Ne5 Bb5 22. Bxb5 axb5 23. Rfb1 f6 24. Nf3 Rcxa3 25. Rxa3 Rxa3 26. Nd4 h5 27. Rxb5 Ra7 28. g4 hxg4 29. hxg4 g5 30. Kg2 Kf7 31. Kg3 1/2-1/2

[Event "2026 European Womens Championship"]
[Site "Batumi, GE"]
[Date "2026.05.27"]
[Round "3"]
[White "Wagner, Dinara"]
[Black "Radeva, Viktoria"]
[Result "1-0"]
[Board "15"]
[TimeControl "5400+30"]
[WhiteFideId "24157570"]
[BlackFideId "2915405"]
[WhiteElo "2408"]
[BlackElo "2242"]
[WhiteTitle "IM"]
[BlackTitle "WGM"]
[WhiteClock "0:42:13"]
[BlackClock "0:23:19"]
[Variant "Standard"]

1. d4 d5 2. c4 e6 3. Nc3 Nf6 4. cxd5 exd5 5. Bg5 c6 6. e3 Bd6 7. Bd3 O-O 8. Nf3 Re8 9. O-O Bg4 10. Qb3 Na6 11. Rfe1 Nc7 12. Ne5 Bxe5 13. dxe5 Rxe5 14. Bxf6 Qxf6 15. Qxb7 Qd6 16. Rac1 Ree8 17. Qb3 Bd7 18. Qc2 g6 19. Na4 Ne6 20. Red1 Rab8 21. a3 a5 22. Qc3 Rec8 23. Qf6 c5 24. Nc3 Bc6 25. Bc4 Qd8 26. Qxd8+ Rxd8 27. Nxd5 Bxd5 28. Rxd5 Rxd5 29. Bxd5 Rxb2 30. h4 a4 31. Rc4 Nc7 32. Bf3 Nb5 33. Rxa4 Ra2 34. Ra5 Nd6 35. Rxc5 Rxa3 36. g4 Kg7 37. Rc7 Rd3 38. Kf1 Rd2 39. Ke1 Rb2 40. Bd5 Rb5 41. e4 Rb4 42. f3 Kf6 43. Rd7 Ke5 44. f4+ Kxf4 45. Rxd6 Kxg4 46. Rf6 Kxh4 47. Rxf7 h5 48. e5 Rb5 49. Rd7 1-0

[Event "2026 European Womens Championship"]
[Site "Batumi, GE"]
[Date "2026.05.27"]
[Round "3"]
[White "Krasteva, Beloslava"]
[Black "Salimova, Nurgyul"]
[Result "0-1"]
[Board "16"]
[TimeControl "5400+30"]
[WhiteFideId "2922029"]
[BlackFideId "2915138"]
[WhiteElo "2285"]
[BlackElo "2404"]
[WhiteTitle "WGM"]
[BlackTitle "IM"]
[WhiteClock "0:00:59"]
[BlackClock "0:06:45"]
[Variant "Standard"]

1. d4 Nf6 2. c4 c5 3. d5 b5 4. Nf3 b4 5. a3 g6 6. Be3 bxa3 7. Rxa3 d6 8. Nc3 Bg7 9. Bd2 O-O 10. e4 e6 11. Be2 exd5 12. exd5 Na6 13. O-O Nb4 14. Na2 Nxa2 15. Rxa2 Re8 16. Bd3 Bg4 17. h3 Bxf3 18. Qxf3 Nd7 19. Bc2 Ne5 20. Qf4 Qe7 21. Rfa1 Reb8 22. Bc3 f5 23. Ra6 Rf8 24. h4 Rf7 25. Re1 Qf8 26. Bd2 Rb8 27. b3 Rb6 28. Ra2 Ng4 29. Bd1 Bd4 30. Be3 Nxe3 31. fxe3 Be5 32. Qf3 Rbb7 33. Qh3 Rbe7 34. Kh1 Bc3 35. Rf1 Re4 36. Re2 Qh6 37. Rf4 Rfe7 38. g4 fxg4 39. Qxg4 Rxf4 40. exf4 Rf7 41. Rf2 Be1 42. Rf1 Qxh4+ 43. Kg2 Kg7 44. Qxh4 Bxh4 45. Bc2 Re7 46. Kf3 Bf6 47. Be4 Bd4 48. Re1 Rf7 49. Kg3 g5 50. Rh1 gxf4+ 51. Kf3 Kg8 52. Rh6 Be5 53. Re6 Rg7 54. Ke2 Rb7 55. Bc2 a5 56. Re8+ Kg7 57. Ra8 h5 58. Rxa5 h4 59. Rb5 Ra7 60. Bf5 Kf6 61. Be6 Rh7 62. Bh3 Rg7 63. Rb8 f3+ 64. Kf1 Rg3 65. Be6 Bd4 66. Rg8 Rxg8 67. Bxg8 h3 0-1

[Event "2026 European Womens Championship"]
[Site "Batumi, GE"]
[Date "2026.05.27"]
[Round "3"]
[White "Badelka, Olga"]
[Black "Zherebtsova, Alexandra"]
[Result "0-1"]
[Board "17"]
[TimeControl "5400+30"]
[WhiteFideId "13509926"]
[BlackFideId "24129518"]
[WhiteElo "2392"]
[BlackElo "2242"]
[WhiteTitle "IM"]
[BlackTitle "FM"]
[WhiteClock "0:07:13"]
[BlackClock "0:01:28"]
[Variant "Standard"]

1. d4 Nf6 2. Nf3 d5 3. c3 Bf5 4. Qb3 Qc8 5. c4 dxc4 6. Qxc4 Nbd7 7. Nc3 c6 8. g3 h6 9. Bg2 e6 10. O-O Be7 11. a4 O-O 12. Qb3 Rd8 13. a5 Nb8 14. Bf4 Na6 15. Rfc1 Bh7 16. Ra4 Nd5 17. Nxd5 exd5 18. Ne5 f6 19. Nd3 g5 20. Bd2 Kg7 21. Nc5 Bxc5 22. dxc5 Rb8 23. h4 Re8 24. Bf3 Qe6 25. Be3 Nc7 26. Rb4 Re7 27. Rd1 Na6 28. Ra4 Bf5 29. Qc3 Nc7 30. Qd2 Nb5 31. a6 Rd7 32. Qc1 bxa6 33. hxg5 hxg5 34. Rxa6 Rh8 35. Bd4 Kg6 36. Qe3 Be4 37. Bg2 Rc7 38. f3 Bf5 39. g4 Qxe3+ 40. Bxe3 Bc8 41. Ra4 Re7 42. Kf2 Rhe8 43. Rd3 d4 44. Bxd4 Rxe2+ 45. Kg3 f5 46. Bc3 f4+ 47. Kh2 Rc2 48. Rd2 Rxd2 49. Bxd2 Re2 50. Bc3 Bxg4 51. Kg1 Be6 52. Bh8 Bd5 53. Kf1 Re8 54. Bd4 Nxd4 55. Rxd4 Re3 56. Kf2 Rb3 57. Rd2 Kf6 58. Re2 g4 59. Rd2 g3+ 60. Kg1 Ke5 61. Re2+ Kd4 62. Re8 Re3 63. Rf8 Re1+ 64. Bf1 Bxf3 65. Rxf4+ Ke3 66. Rf7 g2 67. Re7+ Be4 0-1

[Event "2026 European Womens Championship"]
[Site "Batumi, GE"]
[Date "2026.05.27"]
[Round "3"]
[White "Buksa, Nataliya"]
[Black "Charkhalashvili, Inga"]
[Result "0-1"]
[Board "18"]
[TimeControl "5400+30"]
[WhiteFideId "14123622"]
[BlackFideId "13601431"]
[WhiteElo "2392"]
[BlackElo "2235"]
[WhiteTitle "IM"]
[BlackTitle "WGM"]
[WhiteClock "0:12:15"]
[BlackClock "0:29:01"]
[Variant "Standard"]

1. e4 c6 2. Nc3 d5 3. Nf3 Bg4 4. h3 Bxf3 5. Qxf3 e6 6. d4 dxe4 7. Qxe4 Nf6 8. Qd3 Qc7 9. Bd2 Nbd7 10. O-O-O O-O-O 11. g4 Bb4 12. Kb1 Qb6 13. Bg2 Ne5 14. Qe2 Ng6 15. g5 Bxc3 16. Bxc3 Nd5 17. Qd2 Nxc3+ 18. Qxc3 Nf4 19. Be4 g6 20. Qf3 Qc7 21. c4 Kb8 22. Rd2 h6 23. gxh6 f5 24. Bc2 Rxh6 25. h4 Rdh8 26. Qg3 g5 27. h5 Rxh5 28. Rxh5 Rxh5 29. Rd1 g4 30. Qa3 Rh8 31. Qe3 Qd6 32. a3 a6 33. Ka2 Rh3 34. Qe1 Rf3 35. Bb3 Nd3 36. Qe2 Qxd4 37. c5 e5 0-1

[Event "2026 European Womens Championship"]
[Site "Batumi, GE"]
[Date "2026.05.27"]
[Round "3"]
[White "Skarbarchuk, Tetyana"]
[Black "Danielian, Elina"]
[Result "1/2-1/2"]
[Board "19"]
[TimeControl "5400+30"]
[WhiteFideId "14184494"]
[BlackFideId "13300210"]
[WhiteElo "2236"]
[BlackElo "2390"]
[BlackTitle "GM"]
[WhiteClock "0:04:35"]
[BlackClock "0:01:12"]
[Variant "Standard"]

1. d4 Nf6 2. c4 e6 3. Nc3 Bb4 4. f3 c5 5. d5 exd5 6. cxd5 d6 7. e4 O-O 8. Nge2 b5 9. Ng3 a6 10. a4 bxa4 11. Rxa4 Re8 12. Be2 Nbd7 13. O-O Qc7 14. Kh1 Ne5 15. Bg5 Ned7 16. Nf5 Nb6 17. Nh6+ Kf8 18. Ra2 Ng8 19. Ng4 Ne7 20. f4 Bxg4 21. Bxg4 h6 22. Bxe7+ Qxe7 23. e5 dxe5 24. d6 Qd8 25. d7 Re7 26. fxe5 Nxd7 27. Nd5 Nxe5 28. Nxe7 Qxd1 29. Ng6+ Nxg6 30. Rxd1 Ne5 31. Be2 a5 32. Rd5 f6 33. Ra1 Ke7 34. Kg1 Ra7 35. Rad1 a4 36. Rd8 a3 37. bxa3 Rxa3 38. Rc8 Ra7 39. Kf1 Ke6 40. h3 Kf5 41. Rc1 Kf4 42. R8xc5 Bxc5 43. Rxc5 Ra2 44. Rc3 Ke4 45. Rb3 g6 46. Bf3+ Kd4 47. Kg1 h5 48. Rb4+ Ke3 49. Rb3+ Kd4 50. Rb4+ Kc5 51. Rf4 f5 52. Bxh5 Ra1+ 53. Kh2 Nd3 54. Rf3 Ne1 55. Rf1 gxh5 56. Rxf5+ Kd4 57. Rxh5 Ra2 58. Rh4+ Ke3 59. Rg4 Nf3+ 60. Kg3 Ne1 61. Kh2 Nf3+ 62. Kg3 Ne1 1/2-1/2